AoeStats
← CHES2014

Arena

505048346Analyzed
4v4 RM · 25d ago on Sep 7, 2026· 43m 56s· 8 players
Game mode
Random Map
Map size
Large (8 player)
Population
200
Speed
Normal
Resources
Standard
Victory
Conquest
Starting age
Dark Age
Ending age
Imperial Age
RankedLock teamsTeams togetherTeam positionsShared explorationLock speedFull tech treeHidden civsTurbo modeCheats
Victory
Defeat
🇮🇩 Cumans · Indonesia
910
+14
🇨🇦 Romans · Canada
857
+16
🇮🇩 Mongols · Indonesia
846
+17
🇮🇩 Khmer · Indonesia
785
+18
🇬🇹 Portuguese · Guatemala
883
-17
🇹🇷 Bulgarians · Türkiye
875
-17
🇨🇷 Italians · Costa Rica
849
-16
🇦🇷 Khmer · Argentina
834
-15
elterco_69
2:33 Loom
10:03 Feudal Age
10:47 Double-Bit Axe
11:22 Horse Collar
12:47 Wheelbarrow
15:22 Gold Mining
15:23 Stone Mining
20:32 Castle Age
22:08 Gold Shaft Mining
21:42 Heavy Plow
25:20 Stone Shaft Mining
28:01 Hand Cart
33:52 Imperial Age
33:39 Light Cavalry
34:30 Bloodlines
35:04 Crop Rotation
35:04 Tusk Swords
35:22 Elite Battle Elephant
41:11 Forging
41:06 Scale Barding Armor
41:24 Ballistics
41:01 Murder Holes
CHES2014
10:07 Feudal Age
11:41 Wheelbarrow
10:56 Double-Bit Axe
11:32 Horse Collar
19:49 Castle Age
18:36 Gold Mining
20:58 Hand Cart
30:59 Stone Mining
37:08 Imperial Age
39:00 Chemistry
38:07 Siege Engineers
mandalvarado
sonsehzadee
11:19 Feudal Age
11:19 Loom
18:25 Castle Age
16:24 Double-Bit Axe
17:05 Gold Mining
18:03 Stone Mining
22:19 Horse Collar
24:15 Wheelbarrow
27:10 Hand Cart
32:42 Imperial Age
33:58 Conscription
33:35 Stirrups
35:21 Gold Shaft Mining
35:22 Stone Shaft Mining
35:17 Husbandry
35:28 Bloodlines
37:00 Arson
37:16 Squires
37:02 Gambesons
43:06 Parthian Tactics
42:47 Thumb Ring
42:03 Elite Skirmisher
Marshall
12:10 Feudal Age
13:27 Double-Bit Axe
13:31 Horse Collar
14:02 Man-at-Arms
18:58 Scale Mail Armor
22:20 Castle Age
20:31 Gold Mining
20:36 Stone Mining
21:53 Forging
23:19 Heavy Plow
23:35 Bow Saw
23:12 Long Swordsman
23:56 Squires
24:46 Gold Shaft Mining
26:50 Pikeman
28:54 Murder Holes
29:20 Ballistics
31:24 Chain Mail Armor
35:57 Imperial Age
34:17 Fletching
34:28 Padded Archer Armor
38:46 Halberdier
42:17 Bodkin Arrow
42:38 Leather Archer Armor
42:25 Crossbowman
44:28 Crop Rotation
marcopolo
1:42 Loom
10:49 Feudal Age
18:30 Castle Age
17:59 Double-Bit Axe
17:56 Horse Collar
19:45 Pikeman
24:08 Wheelbarrow
24:02 Gold Mining
24:02 Stone Mining
24:38 Stone Mining
24:28 Elite Skirmisher
25:14 Squires
32:40 Imperial Age
30:42 Forging
30:32 Scale Mail Armor
33:13 Hand Cart
36:04 Gold Shaft Mining
37:05 Elite Mangudai
38:15 Fletching
38:25 Padded Archer Armor
39:01 Bodkin Arrow
41:59 Bloodlines
41:10 Light Cavalry
41:51 Husbandry
Ermour
9:13 Feudal Age
16:08 Castle Age
17:50 Loom
18:58 Horse Collar
22:02 Double-Bit Axe
29:02 Heavy Plow
29:58 Pikeman
30:24 Arson
32:18 Bow Saw
32:26 Scale Barding Armor
32:22 Padded Archer Armor
32:13 Fletching
32:33 Forging
35:31 Imperial Age
33:26 Caravan
34:22 Tusk Swords
36:18 Devotion
36:41 Ballistics
36:52 Gold Mining
36:53 Stone Mining
38:30 Conscription
38:11 Double Crossbow
39:37 Chemistry
38:24 Elite Ballista Elephant
39:38 Double Crossbow
38:59 Elite Ballista Elephant
39:51 Halberdier
41:49 Hoardings
41:20 Elite Battle Elephant
+62 | Farhan
12:37 Feudal Age
13:38 Horse Collar
13:47 Double-Bit Axe
15:50 Wheelbarrow
24:57 Castle Age
23:25 Stone Mining
24:00 Gold Mining
25:45 Forging
25:35 Scale Mail Armor
25:43 Scale Barding Armor
26:21 Gold Shaft Mining
26:43 Hand Cart
27:56 Iron Casting
27:42 Chain Barding Armor
27:44 Bow Saw
27:37 Heavy Plow
28:47 Steppe Husbandry
30:44 Town Watch
33:59 Imperial Age
33:09 Bloodlines
34:12 Town Patrol
34:07 Elite Steppe Lancer
35:09 Conscription
35:45 Crop Rotation
36:19 Two-Man Saw
36:26 Blast Furnace
36:03 Plate Barding Armor
Connection lost

Rejoining the realm…

Still unreachable

The connection could not be restored.

Session expired

The server has moved on; the page needs a fresh start.